 Dungeon Crawl Stone Soup version 0.31.0-9-g3a7656b989 (webtiles) character file.

Game seed: 7357825941746013257

208070 Nicoed the Bludgeoner (level 19, -43/125 HPs)
             Began as a Gargoyle Fighter on Jan 31, 2024.
             Was a High Priest of Okawaru.
             Killed from afar by a living spell (60 damage)
             ... with a crystal spear
             ... summoned by a walking crystal tome
             ... on level 2 of the Depths.
             The game lasted 00:55:47 (30346 turns).

Nicoed the Bludgeoner (Gargoyle Fighter)           Turns: 30346, Time: 00:55:48

Health: -43/125    AC: 50    Str: 28    XL:     19   Next: 19%
Magic:  0/26       EV: 13    Int: 12    God:    Okawaru [*****.]
Gold:   4513       SH: 16    Dex: 14    Spells: 18/18 levels left

rFire   + + +        L - +5 eveningstar of Obiter Dictum {protect, rF+ rN+}
rCold   + . .        g - +3 kite shield
rNeg    + + .        O - +2 plate armour {rF+}
rPois   ∞            y - +2 helmet {Int+3}
rElec   +            v - scarf {harm}
rCorr   .            o - +3 pair of gloves "Fiwneade" {Dex+5}
SInv    .            z - +0 pair of boots
Will    +....        w - amulet of guardian spirit Stlth
                     R - ring of protection from cold
HPRegen 0.40/turn    b - +5 ring of evasion
MPRegen 0.20/turn

%: harm (+30% outgoing, +20% incoming), guardian spirit
@: under a protective aura, flying
A: sickness immunity, AC +14, big wings, negative energy resistance 1,
electricity resistance, torment resistance 1, petrification resistance, talons
1, fire resistance 1
a: Renounce Religion, Heroism, Finesse, Duel


You were on level 2 of the Depths.
You worshipped Okawaru.
Okawaru was extremely pleased with you.
You visited 5 branches of the dungeon, and saw 25 of its levels.
You also visited: Ice Cave and Volcano.

You collected 4903 gold pieces.
You spent 390 gold pieces at shops.

Inventory:

Hand Weapons
 h - the +10 lajatang of the Valley of Death {speed, rN+ Will+}
   (You found it on level 5 of the Lair of Beasts)

   rN+:       It protects you from negative energy.
   Will+:     It increases your willpower.
 L - the +5 eveningstar of Obiter Dictum (weapon) {protect, rF+ rN+}
   (You acquired it on level 14 of the Dungeon)

   rF+:       It protects you from fire.
   rN+:       It protects you from negative energy.
 S - the +5 mace of Wiuharue {flame, Dex+3}
   (You found it on level 1 of the Lair of Beasts)

   Dex+3:     It affects your dexterity (+3).
Armour
 g - a +3 kite shield (worn)
 o - the +3 pair of gloves "Fiwneade" (worn) {Dex+5}
   (You found it on level 3 of the Dungeon)

   Dex+5:     It affects your dexterity (+5).
 v - a scarf of harm (worn)
 y - a +2 helmet of intelligence (worn)
 z - a +0 pair of boots (worn)
 O - a +2 plate armour of fire resistance (worn)
Jewellery
 b - a +5 ring of evasion (right hand)
 w - an amulet of guardian spirit (around neck)
 B - a +6 ring of dexterity
 F - a ring of protection from cold
 G - a ring of willpower
 M - a ring of willpower
 P - a ring of protection from fire
 Q - a ring of wizardry
 R - a ring of protection from cold (left hand)
 T - the ring of Free Expression {rElec rCorr Str-2 SInv}
   (You found it on level 1 of the Lair of Beasts)

   [ring of resist corrosion]

   Str-2:     It affects your strength (-2).
   rElec:     It insulates you from electricity.
   SInv:      It lets you see invisible.
   rCorr:     It protects you from acid and corrosion.
 V - the ring of the Castellan {Wiz Str+7}
   (You found it on level 2 of the Depths)

   [ring of wizardry]

   Wiz:       It improves your spell success rate.
   Str+7:     It affects your strength (+7).
Wands
 c - a wand of iceblast (14)
 I - a wand of light (8)
Scrolls
 a - 6 scrolls of identify
 e - 8 scrolls of noise
 f - 3 scrolls of fear
 k - 3 scrolls of poison
 n - a scroll of fog
 r - 2 scrolls of blinking
 s - 8 scrolls of teleportation
 x - 5 scrolls of enchant armour
 H - a scroll of brand weapon
 J - 2 scrolls of immolation
 K - 2 scrolls of enchant weapon
 W - a scroll of revelation
Potions
 d - a potion of magic
 i - 2 potions of ambrosia
 j - 7 potions of mutation
 l - 2 potions of enlightenment
 m - 5 potions of curing
 p - a potion of attraction
 q - 2 potions of haste
 A - 4 potions of cancellation
 C - a potion of invisibility
 D - a potion of resistance
 E - 2 potions of might
 N - 6 potions of brilliance
 U - a potion of berserk rage
Miscellaneous
 t - a lightning rod (4/4)
 u - a phial of floods


   Skills:
 + Level 15.7 Fighting
 * Level 20.7 Maces & Flails
 + Level 15.7 Armour
 + Level 15.7 Shields
 - Level 10.0 Invocations


You had 18 spell levels left.
You didn't know any spells.
Your spell library contained the following spells:

 Spells                   Type           Power      Damage    Failure   Level
 Freeze                   Ice            0%         1d3       95%         1
 Sting                    Conj/Alch      0%         1d3       95%         1
 Mercury Vapours          Alch/Air       0%         N/A       99%         2
 Dazzling Flash           Conj/Hex       0%         N/A       100%        3
 Frozen Ramparts          Ice            0%         1d1       100%        3
 Gell's Gravitas          Tloc           0%         N/A       100%        3
 Hailstorm                Conj/Ice       0%         3d5       100%        3
 Mephitic Cloud           Conj/Alch/Air  0%         N/A       100%        3
 Sigil of Binding         Hex            0%         N/A       100%        3
 Swiftness                Air            0%         N/A       100%        3
 Teleport Other           Tloc           0%         N/A       100%        3
 Volatile Blastmotes      Fire/Tloc      0%         2d10      100%        3
 Dimensional Bullseye     Hex/Tloc       0%         N/A       100%        4
 Dispel Undead            Necr           0%         3d6       100%        4
 Manifold Assault         Tloc           0%         N/A       100%        4
 Olgreb's Toxic Radiance  Alch           0%         N/A       100%        4
 Borgnjor's Vile Clutch   Necr/Erth      0%         N/A       100%        5
 Freezing Cloud           Conj/Ice/Air   0%         6-21      100%        5
 Dispersal                Tloc           0%         N/A       100%        6
 Disjunction              Tloc           0%         N/A       100%        8
 Cigotuvi's Dreadful Rot  Necr/Alch/Air  Unusable   N/A       N/A         2
 Call Canine Familiar     Summ           Unusable   N/A       N/A         3
 Animate Dead             Necr           Unusable   N/A       N/A         4
 Martyr's Knell           Necr/Summ      Unusable   N/A       N/A         4
 Death Channel            Necr           Unusable   N/A       N/A         6

Dungeon Overview and Level Annotations

Branches:
Dungeon (15/15)            Temple (1/1) D:5            Lair (5/5) D:9
 Shoals (0/4) Lair:3        Snake (0/4) Lair:2        Slime (0/5) Lair:5
    Orc (2/2) D:10            Elf (0/3) Orc:2        Vaults (0/5) D:13
 Depths (2/4) D:15          IceCv (visited)         Volcano (visited)

Altars:
Ashenzari
Cheibriados
Dithmenos
Elyvilon
Fedhas
Gozag
Hepliaklqana
Kikubaaqudgha
Makhleb
Nemelex Xobeh
Okawaru
Qazlal
Ru
Sif Muna
Trog
Uskayaw
Vehumet
Wu Jian
Xom
Yredelemnul
Zin
The Shining One
Jiyva
Lugonu

Shops:
D:7 (   D:10 :   D:11 !   D:14 :   Orc:2 =[!(

Portals:
Hell: Depths:1 Depths:2
Abyss: Lair:5 Depths:1 Depths:2


Innate Abilities, Weirdness & Mutations

You are immune to sickness and miasma.
Your stone body is resilient. (AC +14)
You are immune to poison.
Your large and strong wings let you fly.
You resist negative energy. (rN+)
You are resistant to electric shocks. (rElec)
You are resistant to unholy torment.
You are immune to petrification.
You have sharp toenails.
Your flesh is heat resistant. (rF+)


Message History

No target in view!
HP restored.
You now have 4513 gold pieces (gained 99).
Things that are here:
a +2 battleaxe of freezing; the ring "Cenaegyn" {rC- Will+ EV+5 Int+4} Unknown command.
Key pressed, stopping explore.
No target in view!
Unknown command.
A walking crystal tome comes into view.
The walking crystal tome's pages rustle loudly.
You hear a deafening roar!
You hear a shout!
A walking crystal tome is nearby!
The walking crystal tome erupts in a flurry of living spells!
Unknown command.
There are monsters nearby!
There are monsters nearby!
Unknown command.
Press: ? - help, v - describe, . - travel
Here: a walking crystal tome The floor.
The walking crystal tome erupts in a flurry of living spells!
The living spell casts itself at you. The crystal spear hits you!!
The walking crystal tome erupts in a flurry of living spells!
The walking crystal tome erupts in a flurry of living spells!
The living spell casts itself at you. The crystal spear hits you!!!
You barely miss the walking crystal tome.
You block the walking crystal tome's attack.
You hammer the walking crystal tome like a gong!!!
Your weapon exudes an aura of protection.
The walking crystal tome is heavily damaged.
You hear a shout!
You hear a deafening roar!
The living spell casts itself at you. The crystal spear hits you!!
* * * LOW HITPOINT WARNING * * *
The living spell casts itself at you. The crystal spear hits you!!!
You die...

# .. 8# .#.
∩#'##+###########.. .
8#................# ..
##................# ..
##................# .#
##......≈.........#.# .
##.....≈≈≈......*..# ..
##....≈≈≈§§.....@;# # /
##...≈≈≈≈§§≈......## #. 2#.
##.#..§§≈§§..#....#. .# #...#
##.##.§≈≈≈§.##....#. .#.#8.
##.###.§≈§.###.##...#.#...
#..#.##...##.#.##.#.#.#.# 8#
#..#..##.##..#.##.##.#.##...#
...##..#.#..##.##.#........[.
....#.).....#..##.#.#†#..#.#.


You could see a walking crystal tome and a living crystal spell (summoned).

Vanquished Creatures
  Boris (Depths:1)
  A caustic shrike (Depths:2)
  Saint Roka (Depths:1)
  A golden dragon (Arena)
  Rupert (Lair:3)
  A lich (Depths:2)
  2 sphinxes (Depths:2)
  A titan (Depths:2)
  Frances (D:14)
  Gastronok (Lair:3)
  Kirke (D:12)
  A tengu reaver (Depths:2)
  3 fire giants
  A balrug (Depths:2)
  2 iron dragons
  3 frost giants
  10 very ugly things
  2 stone giants
  3 spark wasps (Depths:1)
  3 fire dragons
  6 ettins
  2 rakshasas (Depths:2)
  A spriggan air mage (D:15)
  3 vault guards (D:13)
  The ghost of sefie the Skirmisher, a journeyman GnHu of Gozag (Lair:1)
  3 ice dragons
  5 hydras
  An ogre mage (Orc:2)
  2 boulder beetles
  2 catoblepae
  A death knight (D:15)
  7 centaur warriors
  3 two-headed ogres
  The ghost of raetorn the Thaumaturge, a novice OnFE of Vehumet (D:9)
  A dancing weapon (Lair:1)
  A tengu warrior (Depths:1)
  18 death yaks
  3 spriggan berserkers (Depths:2)
  2 deep troll shamans (Depths:1)
  3 deep troll earth magi (Depths:2)
  2 vampire magi (Depths:2)
  2 thrashing horrors (Lair:5)
  3 orc high priests (Orc:2)
  Sonja (Lair:3)
  A hell knight (Volcano)
  4 skeletal warriors (D:13)
  5 deep trolls
  A flayed ghost (Depths:2)
  An iron troll (Depths:1)
  2 arcanists (D:13)
  An anaconda (shapeshifter) (D:9)
  2 glowing orange brains (Depths:1)
  A lindwurm (Lair:5)
  2 phantasmal warriors (D:15)
  11 orc knights
  A harpy (shapeshifter) (D:9)
  33 ugly things
  3 deep elf pyromancers
  2 necromancers
  An oklob plant (Lair:1)
  A salamander (Lair:2)
  A meliai (shapeshifter) (Lair:5)
  6 cyclopes
  A manticore (D:14)
  5 orc sorcerers
  A black mamba (Lair:5)
  2 kobold blastminers (Orc:2)
  13 elephants (Lair:2)
  A black mamba (shapeshifter) (D:13)
  A merfolk siren (Lair:3)
  3 meliai (D:15)
  3 smoke demons (Lair:5)
  2 ice statues
  2 large abominations (Lair:5)
  2 torpor snails
  2 gargoyles (D:11)
  9 cane toads
  A molten gargoyle (Volcano)
  A rime drake (Lair:1)
  3 unseen horrors
  An anaconda simulacrum (IceCv)
  9 komodo dragons
  2 yaktaurs (Volcano)
  A kobold demonologist (D:8)
  8 freezing wraiths
  3 tengu conjurers
  12 ice devils (IceCv)
  A queen bee (shapeshifter) (D:13)
  5 trolls
  2 polar bears
  2 hornets
  A hornet (shapeshifter) (D:9)
  A glass eye (Depths:1)
  5 raiju
  27 blink frogs
  11 dream sheep
  9 slime creatures
  14 small abominations
  3 spriggans
  3 wraiths
  2 dire elephant simulacra (IceCv)
  5 wyverns
  A yak (shapeshifter) (D:9)
  A spriggan (shapeshifter) (D:9)
  3 steam dragons
  52 yaks
  2 wargs
  12 basilisks
  A ynoxinul (Lair:5)
  5 fire bats (Volcano)
  A hog (D:12)
  2 neqoxecs (D:9)
  21 humans
  10 vampire mosquitoes
  5 death yak simulacra (IceCv)
  A swamp worm (shapeshifter) (Depths:1)
  2 chaos spawn (Lair:5)
  4 hydra simulacra (IceCv)
  An acid dragon (D:13)
  20 water moccasins
  Duvessa (D:7)
  An ice beast (D:6)
  A sky beast (D:8)
  7 black bears
  A laughing skull (D:14)
  19 orc warriors
  4 ogres
  28 wolves
  11 centaurs
  3 kobold brigands
  2 gnoll sergeants
  17 bullfrogs
  3 cane toad simulacra (IceCv)
  7 scorpions
  7 wights
  Dowan (D:7)
  4 elephant simulacra
  8 killer bees (D:9)
  5 howler monkeys
  6 electric eels
  9 lava snakes
  2 hounds
  3 bombardier beetles
  5 jellies
  14 orc priests
  3 iguanas
  18 orc wizards
  2 spriggan simulacra (IceCv)
  4 polar bear simulacra (IceCv)
  7 wolf simulacra
  5 adders
  16 gnolls
  A naga simulacrum (IceCv)
  5 white imps
  5 ufetubi
  3 dart slugs
  91 orcs
  7 bats
  12 endoplasms
  5 giant cockroaches
  18 goblins
  17 hobgoblins
  4 jackals (D:1)
  18 kobolds
  3 quokkas
  10 ball pythons
  6 frilled lizards
  A rat (D:3)
946 creatures vanquished.

Vanquished Creatures (others)
  A sky beast (D:7)
  A centaur (Volcano)
  2 orc wizards (Orc:2)
4 creatures vanquished.

Grand Total: 950 creatures vanquished

Notes
Turn   | Place    | Note
-------+----------+-------------------------------------------
     0 | D:1      | Nicoed the Gargoyle Fighter began the quest for the Orb.
     0 | D:1      | Reached XP level 1. HP: 14/14 MP: 1/1
    95 | D:1      | Reached XP level 2. HP: 19/19 MP: 2/2
   463 | D:1      | Reached XP level 3. HP: 21/23 MP: 3/3
  1040 | D:2      | Reached XP level 4. HP: 29/29 MP: 4/4
  1920 | D:3      | Reached skill level 3 in Maces & Flails
  1948 | D:3      | Identified the +3 pair of gloves "Fiwneade" {Dex+5}
  2557 | D:4      | Noticed a scorpion
  2562 | D:4      | Killed a scorpion
  2563 | D:4      | Reached skill level 4 in Maces & Flails
  2563 | D:4      | Reached XP level 5. HP: 33/33 MP: 5/5
  2764 | D:4      | Noticed a black bear
  2777 | D:4      | Killed a black bear
  2778 | D:4      | Reached skill level 5 in Maces & Flails
  2778 | D:4      | Reached XP level 6. HP: 38/38 MP: 6/6
  3095 | D:5      | Entered Level 5 of the Dungeon
  3486 | D:5      | Reached skill level 6 in Maces & Flails
  3486 | D:5      | Reached XP level 7. HP: 38/43 MP: 7/7
  3654 | D:5      | Reached skill level 7 in Maces & Flails
  3705 | D:5      | Found a staircase to the Ecumenical Temple.
  4008 | D:5      | Found a glowing golden altar of the Shining One.
  4092 | D:5      | Found a shadowy altar of Dithmenos.
  4118 | Temple   | Entered the Ecumenical Temple
  4149 | Temple   | Became a worshipper of Warmaster Okawaru
  4275 | D:6      | Reached XP level 8. HP: 48/48 MP: 8/8
  4295 | D:6      | Reached skill level 1 in Invocations
  4430 | D:6      | Reached skill level 8 in Maces & Flails
  4557 | D:6      | Reached * piety under Okawaru
  4835 | D:6      | Reached ** piety under Okawaru
  5032 | D:6      | Reached skill level 5 in Fighting
  5032 | D:6      | Reached skill level 5 in Armour
  5077 | D:6      | Reached skill level 5 in Shields
  5212 | D:6      | Reached XP level 9. HP: 54/54 MP: 11/11
  5532 | D:7      | Reached skill level 9 in Maces & Flails
  6097 | D:7      | Noticed Duvessa
  6113 | D:7      | Noticed Dowan
  6127 | D:7      | Killed Duvessa
  6146 | D:7      | Killed Dowan
  6292 | D:7      | Found Aloffafi's Antique Weapon Shoppe.
  6557 | D:7      | Reached *** piety under Okawaru
  6648 | D:7      | Noticed a deep elf pyromancer
  7110 | D:7      | Reached skill level 10 in Maces & Flails
  7314 | D:7      | Killed a deep elf pyromancer
  7314 | D:7      | HP: 1/55 [burnt (11)]
  7315 | D:7      | Reached XP level 10. HP: 1/61 MP: 1/13
  7615 | D:8      | Reached **** piety under Okawaru
  7625 | D:8      | Reached skill level 5 in Invocations
  8074 | D:8      | Noticed a kobold demonologist
  8087 | D:8      | Killed a kobold demonologist
  8351 | D:9      | Found a staircase to the Lair.
  8403 | D:9      | Reached skill level 11 in Maces & Flails
  8437 | D:9      | Reached ***** piety under Okawaru
  8520 | D:9      | Reached XP level 11. HP: 55/67 MP: 15/15
  8593 | D:9      | Found a runed translucent gate.
  8595 | D:9      | Found a runed translucent gate.
  8595 | D:9      | Noticed a green ugly thing
  8596 | D:9      | Found a runed translucent gate.
  8596 | D:9      | Noticed a red ugly thing
  8597 | D:9      | Noticed a red ugly thing
  8598 | D:9      | Noticed a purple ugly thing
  8603 | D:9      | a merfolk changed into a glowing orange brain
  8603 | D:9      | Noticed a glowing orange brain (glowing shapeshifter)
  9002 | D:9      | Found a transporter.
  9004 | D:9      | Found a transporter.
  9004 | D:9      | Noticed a brown ugly thing
  9006 | D:9      | Noticed a white ugly thing
  9130 | D:9      | Noticed a skyshark
  9132 | D:9      | a skyshark changed into a black mamba
  9133 | D:9      | a black mamba changed into a cyclops
  9133 | D:9      | Noticed a cyclops (glowing shapeshifter)
  9135 | D:9      | a cyclops changed into a wolf spider
  9136 | D:9      | a wolf spider changed into a swamp dragon
  9136 | D:9      | Noticed a swamp dragon (glowing shapeshifter)
  9137 | D:9      | a swamp dragon changed into a sea snake
  9137 | D:9      | Noticed a sea snake (glowing shapeshifter)
  9138 | D:9      | a sea snake changed into a shock serpent
  9138 | D:9      | Noticed a shock serpent (glowing shapeshifter)
  9154 | D:9      | a shock serpent changed into a torpor snail
  9154 | D:9      | Noticed a torpor snail (glowing shapeshifter)
  9155 | D:9      | Killed a cyan ugly thing
  9157 | D:9      | a torpor snail changed into an anaconda
  9157 | D:9      | Noticed an anaconda (glowing shapeshifter)
  9164 | D:9      | Killed an anaconda
  9172 | D:9      | Killed a brown ugly thing
  9172 | D:9      | Received a gift from Okawaru
  9184 | D:9      | Killed a brown ugly thing
  9187 | D:9      | Killed a white ugly thing
  9240 | D:9      | Found a runed translucent gate.
  9240 | D:9      | Found a runed translucent gate.
  9241 | D:9      | Identified the +2 sling of the Coin {heavy, rF+ Str+4
                  | Stlth+}
  9242 | D:9      | Noticed a fire crab
  9242 | D:9      | Noticed raetorn's ghost (novice OnFE)
  9244 | D:9      | Found a runed translucent gate.
  9258 | D:9      | a shapeshifter changed into a harpy
  9258 | D:9      | Noticed a harpy (shapeshifter)
  9276 | D:9      | Killed a harpy
  9277 | D:9      | Reached skill level 12 in Maces & Flails
  9303 | D:9      | Killed raetorn's ghost
  9309 | D:9      | Gained mutation: You occasionally lose the ability to read
                  | scrolls when taking damage. [a neqoxec]
  9454 | D:9      | Gained mutation: You are vulnerable to cold. (rC-)
                  | [mutagenic glow]
  9473 | D:9      | Found a corrupted altar of Lugonu.
  9491 | D:9      | Killed a white ugly thing
  9505 | D:9      | Killed a white ugly thing
  9569 | D:9      | Received a gift from Okawaru
  9703 | D:10     | Entered Level 10 of the Dungeon
  9888 | D:10     | Reached XP level 12. HP: 70/75 MP: 15/17
 10170 | D:10     | Noticed a catoblepas
 10185 | D:10     | Killed a catoblepas
 10294 | D:10     | Found a staircase to the Orcish Mines.
 10312 | D:10     | Noticed a two-headed ogre
 10320 | D:10     | Killed a two-headed ogre
 10558 | D:10     | Found Qecow's Book Shop.
 10681 | D:10     | Reached skill level 13 in Maces & Flails
 10689 | D:10     | Received a gift from Okawaru
 11220 | D:11     | You fall into a shaft and drop 3 floors!
 11243 | D:12     | Noticed Kirke
 11272 | D:12     | Killed Kirke
 11272 | D:12     | Reached ****** piety under Okawaru
 11272 | D:12     | Received a gift from Okawaru
 11327 | D:12     | Found a broken altar of Ashenzari.
 11393 | D:12     | Noticed a boulder beetle
 11409 | D:12     | Killed a boulder beetle
 11583 | D:11     | Found Vosm's Distillery.
 11593 | D:11     | Bought a potion of berserk rage for 75 gold pieces
 12701 | D:13     | Reached skill level 10 in Fighting
 12701 | D:13     | Reached skill level 10 in Armour
 12701 | D:13     | Reached XP level 13. HP: 82/82 MP: 19/19
 12707 | D:13     | Reached skill level 14 in Maces & Flails
 13156 | D:13     | Found a burning altar of Makhleb.
 13191 | D:13     | Reached skill level 10 in Shields
 13269 | D:13     | Received a gift from Okawaru
 13904 | D:13     | Received a gift from Okawaru
 13944 | D:13     | Noticed a vault guard
 13949 | D:13     | Noticed a vault guard
 13969 | D:13     | Killed a vault guard
 13982 | D:13     | Killed a vault guard
 13984 | D:13     | Noticed a vault guard
 13990 | D:13     | Killed a vault guard
 13991 | D:13     | Reached skill level 15 in Maces & Flails
 14043 | D:13     | Found a gate to the Vaults.
 14516 | D:14     | Found Igistus's Book Emporium.
 14672 | D:14     | Received a gift from Okawaru
 14905 | D:14     | Gained mutation: Your large and strong wings let you fly.
                  | [Gargoyle growth]
 14905 | D:14     | Reached XP level 14. HP: 90/90 MP: 20/20
 14963 | D:14     | Found a shimmering blue altar of Sif Muna.
 15054 | D:14     | Noticed Frances
 15068 | D:14     | Killed Frances
 15188 | D:14     | Received a gift from Okawaru
 15591 | D:14     | Identified a scroll of acquirement
 15592 | D:14     | Acquired the +5 eveningstar of Obiter Dictum {protect, rF+
                  | rN+}
 16052 | D:15     | Entered Level 15 of the Dungeon
 16328 | D:14     | Lost mutation: You are vulnerable to cold. (rC-) [potion of
                  | mutation]
 16328 | D:14     | Lost mutation: You occasionally lose the ability to read
                  | scrolls when taking damage. [potion of mutation]
 16328 | D:14     | Gained mutation: Your body sometimes deteriorates upon
                  | taking damage. [potion of mutation]
 16329 | D:14     | Lost mutation: Your body sometimes deteriorates upon taking
                  | damage. [potion of mutation]
 16329 | D:14     | Gained mutation: You have hidden genetic potential. [potion
                  | of mutation]
 16440 | D:15     | Found a staircase to the Depths.
 16562 | D:15     | Reached skill level 16 in Maces & Flails
 16691 | D:15     | Received a gift from Okawaru
 16980 | D:15     | Found a radiant altar of Vehumet.
 16995 | D:15     | Found a glowing silver altar of Zin.
 17707 | Orc:1    | Entered Level 1 of the Orcish Mines
 18348 | Orc:2    | Entered Level 2 of the Orcish Mines
 18359 | Orc:2    | Received a gift from Okawaru
 18401 | Orc:2    | Found a staircase to the Elven Halls.
 19214 | Orc:2    | Reached XP level 15. HP: 57/97 MP: 12/21
 19567 | Orc:2    | Received a gift from Okawaru
 19639 | Orc:2    | Found Loum's Armour Emporium.
 19639 | Orc:2    | Found Xexkeit's Jewellery Boutique.
 19641 | Orc:2    | Found Ytoit's Antique Weapon Emporium.
 19641 | Orc:2    | Found Nuix's Distillery.
 19963 | Orc:2    | Bought a potion of heal wounds for 75 gold pieces
 19963 | Orc:2    | Bought a potion of heal wounds for 75 gold pieces
 19963 | Orc:2    | Bought a potion of curing for 45 gold pieces
 19963 | Orc:2    | Bought a potion of mutation for 120 gold pieces
 20045 | Lair:1   | Entered Level 1 of the Lair of Beasts
 20053 | Lair:1   | Reached skill level 17 in Maces & Flails
 20205 | Lair:1   | Got The Wizard's Wisdom and You
 20287 | Lair:1   | Identified the +5 mace of Wiuharue {flame, Dex+3}
 20540 | Lair:1   | Found a runed translucent door.
 20541 | Lair:1   | Found a shimmering altar of Xom.
 20541 | Lair:1   | Noticed sefie's ghost (journeyman GnHu)
 20683 | Lair:1   | Killed sefie's ghost
 20684 | Lair:1   | Identified the ring of Free Expression {rElec rCorr Str-2
                  | SInv}
 20708 | Lair:2   | Gained mutation: Your flesh is heat resistant. (rF+)
                  | [hidden potential]
 20737 | Lair:2   | Received a gift from Okawaru
 21174 | Lair:2   | Received a gift from Okawaru
 21493 | Lair:2   | Identified the +1 robe of Magic {Dex+3}
 21585 | Lair:2   | Found a staircase to the Snake Pit.
 21685 | Lair:2   | Identified the +0 plate armour "Uceoz" {*Slow rElec Regen+
                  | Str+5}
 21949 | Lair:3   | Noticed Sonja
 21954 | Lair:3   | Killed Sonja
 21955 | Lair:3   | Noticed Rupert
 21994 | Lair:3   | Killed Rupert
 21994 | Lair:3   | Received a gift from Okawaru
 22160 | Lair:3   | Noticed Gastronok
 22176 | Lair:3   | Killed Gastronok
 22210 | Lair:3   | Reached skill level 18 in Maces & Flails
 22228 | Lair:3   | Reached XP level 16. HP: 101/104 MP: 22/22
 22626 | Lair:3   | Found a staircase to the Shoals.
 22707 | Lair:3   | Found a snail-covered altar of Cheibriados.
 22890 | Lair:4   | Found a frozen archway.
 22908 | IceCv    | Entered an ice cave
 23014 | IceCv    | Found an ancient bone altar of Kikubaaqudgha.
 23023 | IceCv    | Received a gift from Okawaru
 23043 | IceCv    | Gained mutation: You have sharp toenails. [hidden
                  | potential]
 23043 | IceCv    | Lost mutation: You have hidden genetic potential. [hidden
                  | potential expressed]
 23905 | Lair:4   | Received a gift from Okawaru
 24400 | Lair:5   | Entered Level 5 of the Lair of Beasts
 24443 | Lair:5   | Found a viscous altar of Jiyva.
 24443 | Lair:5   | Found a staircase to the Slime Pits.
 24843 | Lair:5   | Found a dark tunnel.
 24852 | Volcano  | Entered a volcano
 25025 | Volcano  | Found a burning altar of Makhleb.
 25047 | Volcano  | Found a burning altar of Makhleb.
 25224 | Lair:5   | Identified the +10 lajatang of the Valley of Death {speed,
                  | rN+ Will+}
 25234 | Lair:5   | Received a gift from Okawaru
 25235 | Lair:5   | Reached skill level 19 in Maces & Flails
 25792 | Lair:5   | Reached XP level 17. HP: 110/112 MP: 23/23
 25995 | Lair:5   | Found a corrupted altar of Lugonu.
 25995 | Lair:5   | Found a one-way gate to the infinite horrors of the Abyss.
 26116 | Lair:5   | Received a gift from Okawaru
 26537 | Depths:1 | Entered Level 1 of the Depths
 26541 | Depths:1 | Noticed Saint Roka
 26899 | Depths:1 | Killed Saint Roka
 27204 | Depths:1 | Found a gateway to Hell.
 27277 | Depths:1 | Received a gift from Okawaru
 27378 | Depths:1 | Noticed Boris
 27399 | Depths:1 | Killed Boris
 27400 | Depths:1 | Reached skill level 15 in Fighting
 27400 | Depths:1 | Reached skill level 15 in Armour
 27405 | Depths:1 | Reached XP level 18. HP: 105/119 MP: 22/25
 27809 | Depths:1 | Found the crystal ball of Wucad Mu {*channel}
 27825 | Depths:1 | Identified the +5 ring mail "Tuimnaic" {rN+ rCorr}
 27875 | Depths:1 | Found a hide-covered altar of Uskayaw.
 27904 | Depths:1 | Reached skill level 15 in Shields
 27926 | Depths:1 | Reached skill level 10 in Invocations
 28189 | Depths:2 | Identified the ring of the Castellan {Wiz Str+7}
 28220 | Depths:2 | Noticed a lich
 28234 | Depths:2 | Killed a lich
 28234 | Depths:2 | Received a gift from Okawaru
 28235 | Depths:2 | Reached skill level 20 in Maces & Flails
 28246 | Depths:2 | Noticed a caustic shrike
 28262 | Depths:2 | HP: 5/119 [acid (10)]
 28852 | Depths:2 | Noticed a titan
 29136 | Depths:2 | Killed a titan
 29169 | Depths:2 | Killed a caustic shrike
 29169 | Depths:2 | Received a gift from Okawaru
 29623 | Depths:2 | Reached XP level 19. HP: 124/124 MP: 26/26
 29658 | Depths:2 | Noticed a golden dragon
 29664 | Arena    | Entered the Arena
 29671 | Arena    | Killed a golden dragon
 29984 | Depths:1 | Received a gift from Okawaru
 30219 | Depths:2 | Identified the ring "Cenaegyn" {rC- Will+ EV+5 Int+4}
 30339 | Depths:2 | Noticed a walking crystal tome
 30346 | Depths:2 | Killed from afar by a living spell

Illustrated notes

Levels and vault maps discovered:
D:1:      psy_arrival_radial02, layout_loops_ring
D:2:      layout_basic, grunt_decor_fettered
D:3:      layout_rooms, st_stairs_12, mrwooster_statue_mirror,
          grunt_ministairs_12, nicolae_eternal_life, guppyfry_early_orc_mine
D:4:      layout_gridville
D:5:      layout_basic, mainiacjoe_overflow_big_doors,
          minmay_temple_entry_statues_pillars
D:6:      corexii_shantytown, layout_basic, minmay_misc_feat_enclosed,
          serial_bayou_pond_d, minmay_gold_behind_fungi,
          nicolae_twisty_statue_hallways
D:7:      minmay_polygon_palace, layout_basic, serial_shops,
          nicolae_shop_tiny_waterfront, uniq_duvessa
D:8:      layout_loops_ring
D:9:      gammafunk_corrupted_shrine, layout_rooms, minmay_lair_entry_grove,
          ploomutoo_gammafunk_ghost_potion_laboratory
D:10:     lemuel_ice_statue, layout_irregular_city, orc_0_dummy, serial_shops,
          shop, nicolae_have_a_lightning_rod
D:11:     layout_basic, serial_shops, nicolae_shop_just_a_little_nook
D:12:     layout_basic, nicolae_ashenzari_skybound, uniq_kirke
D:13:     layout_loops_corners, grunt_vaults_entry_tiered, bloody_makhleb
D:14:     layout_basic, lemuel_doored_altar, nicolae_inconvenience_store,
          minmay_joined_circles, uniq_frances
D:15:     grunt_enter_depths_hoard, layout_loops_ring, fiery_altar_vehumet,
          zin_academy
Temple:   mainiacjoe_temple_big_plus
Lair:1:   layout_misc_corridors, ebering_ghost_xom, minmay_lair_oklob_items,
          serial_bayou_pond_d
Lair:2:   layout_loops_ring, nicolae_snake_entry_warm_welcome,
          grunt_forest_stairs_clearing, lemuel_fruit_tree, serial_bayou_shore_b,
          grunt_megastairs_1
Lair:3:   layout_gridlike, minmay_shoals_entry_lonely_mermaid, basic_altar,
          uniq_sonja, uniq_rupert, uniq_gastronok
Lair:4:   layout_misc_corridors, portal_ice_cave_entry_ice_simulacra
Lair:5:   hellmonk_lair_end_abyssal_woods, layout_long_grid,
          nicolae_slime_entry_slimehenge, nicolae_volcano_entry_vermiform,
          infiniplex_staircase_pool_2
Orc:1:    cheibrodos_orc_arena, layout_caves, mines2_david
Orc:2:    grunt_orc_tribal_feast, layout_caves
Depths:1: layout_gridville, grunt_hell_entry_dis_old, abyss_entry,
          eat_drink_and_be_merry_uskayaw, uniq_boris, uniq_saint_roka
Depths:2: minmay_the_grid_square_5x5_5x5_mashed
          [minmay_the_grid_square_5x5_three, minmay_the_grid_square_5x5_seven,
          minmay_the_grid_square_5x5_n, minmay_the_grid_square_5x5_slash,
          minmay_the_grid_square_5x5_corner,
          minmay_the_grid_square_5x5_tetrominoes,
          minmay_the_grid_square_5x5_prize_monsterx,
          minmay_the_grid_square_5x5_empty,
          minmay_the_grid_square_5x5_prize_deathbox,
          minmay_the_grid_square_5x5_eight,
          minmay_the_grid_square_5x5_hourglass,
          minmay_the_grid_square_5x5_spiral,
          minmay_the_grid_square_5x5_prize_gold,
          minmay_the_grid_square_5x5_fancy_junction,
          minmay_the_grid_square_5x5_three_small,
          minmay_the_grid_square_5x5_inverted_slash,
          minmay_the_grid_square_5x5_prize_pseudospiral,
          minmay_the_grid_square_5x5_trominoes,
          minmay_the_grid_square_5x5_prize_itemx,
          minmay_the_grid_square_5x5_minimal,
          minmay_the_grid_square_5x5_percent,
          minmay_the_grid_square_5x5_intrusive_squares,
          minmay_the_grid_square_5x5_empty,
          minmay_the_grid_square_5x5_six_small,
          minmay_the_grid_square_5x5_inset], layout_gridlike, pan_entry,
          pf_dread_powers_of_hell, abyss_entry_small_statue_room

Skill      XL: |  1  2  3  4  5  6  7  8  9 10 11 12 13 14 15 16 17 18 |
---------------+-------------------------------------------------------+-----
Armour         | 4 5 6 7 8 10 11 12 13 14 15 | 15.7
Fighting       | 4 5 6 7 8 10 11 12 13 14 15 | 15.7
Shields        | 4 5 6 7 8 9 11 12 13 14 15 | 15.7
Maces & Flails | 4 5 6 7 8 10 11 12 13 15 16 18 19 20 | 20.7
Invocations    | 2 4 6 7 8 9 10 | 10.0

Action                     |  1- 3 |  4- 6 |  7- 9 | 10-12 | 13-15 | 16-18 | 19-21 || total
---------------------------+-------+-------+-------+-------+-------+-------+-------++-------
  Melee: Flail             |   123 |   152 |   531 |   714 |   431 |       |       ||  1951
         Eveningstar       |       |       |       |       |   807 |  1031 |   110 ||  1948
         Kick              |       |       |       |       |       |    22 |       ||    22
 Invoke: Heroism           |       |       |       |     5 |     4 |     4 |     1 ||    14
         Finesse           |       |       |       |     1 |     1 |     1 |       ||     3
         Duel              |       |       |       |       |       |       |     1 ||     1
  Evoke: Wand              |       |       |     5 |       |       |       |       ||     5
         Lightning rod     |       |       |       |       |     4 |       |       ||     4
    Use: Scroll            |       |       |     8 |     9 |     8 |     7 |       ||    32
         Potion            |       |       |     3 |     4 |     9 |     5 |     4 ||    25
   Stab: Distracted        |       |       |       |     1 |       |       |       ||     1
         Invisible         |       |       |       |       |     2 |     2 |       ||     4
         Petrifying        |       |       |       |       |     1 |       |       ||     1
 Armour: Scale mail        |    17 |       |       |       |       |       |       ||    17
         Chain mail        |    49 |    86 |   176 |       |       |       |       ||   311
         Plate armour      |       |       |   204 |   499 |   227 |   234 |    79 ||  1243
         Quicksilver drago |       |       |       |       |   375 |   439 |       ||   814
         Skin              |       |       |       |       |       |     1 |       ||     1
  Dodge: Dodged            |   102 |   102 |   324 |   282 |   475 |   400 |    29 ||  1714
  Block: Buckler           |    38 |    43 |   150 |    10 |       |       |       ||   241
         Kite shield       |       |       |       |   484 |  1006 |   907 |    62 ||  2459
